Arrhythmia, chaotic female vampiric Convict -------- |...<[.|############################## |.....)[%)####### --.---- ----|---# # | |..-..| ##### # |. |.(|..| #| --+-----+-... --)-----+---- | #|................)%.............| ###| -+--- ----.......-)-------- | # # |......{|.@a.| ### |.......|.aaa| # -.......|.(@.| ### ...{....|....| --------- # +------.------- |........###### +.| |.......| # |.| |..[....|### |.| |.......+# -.- --------- . --- Arrhythmia the Jail-bird Experience level: 8 Strength: 18/01 Dexterity: 11 Constitution: 17 Intelligence: 11 Wisdom: 9 Charisma: 10 Health: 0(78) Energy: 50(50) AC: 0 Gold: 417 Moves: 3372 Your Inventory: Coins $ - 417 gold pieces Weapons n - an uncursed [+0 thirsty] bow Armor b - a cursed +0 striped shirt (being worn) i - an [uncursed] +0 dwarvish mithril-coat (being worn) m - an [uncursed] +0 hard hat [dwarvish iron helm] (being worn) u - an [uncursed] +0 leather cloak (being worn) v - an [uncursed] +0 pair of gloves called reg [leather] (being worn) w - a cursed -2 small shield (being worn) y - an [uncursed] rotted +0 pair of jackboots [high] (being worn) A - a cursed [-2] pair of gloves called reg [leather] B - an uncursed [+0] pair of gloves called reg [leather] Scrolls q - an uncursed scroll labeled VE FORBRYDERNE [of light] s - an uncursed unlabeled scroll [of blank paper] Rings e - an uncursed amber ring [of conflict] r - an uncursed [+1] clay ring [of gain strength] Wands h - an uncursed platinum wand [of sleep (0:5)] x - a blessed wand called cancellation [of teleportation (0:6)] Tools t - an uncursed [+0] unicorn horn Iron balls c - an uncursed heavy iron ball (chained to you) Spells known in the end: Name Level Category Fail Memory Your skills at the end: Fighting Skills Weapon Skills sling [Basic / Skilled] Spellcasting Skills Final Attributes: You had transgressed. Hunger level was 202. Your alignment was -37 / 26. Monster difficulty range was 1 - 7. Level difficulty was 7. You were immune to poison. You were immune to level-drain. You were immune to sickness. You were punished. You could fly. You could survive without air. You regenerated. Your luck was zero. You are dead. Vanquished creatures: 5 watchmen a leprechaun a brown pudding a dwarf lord a white unicorn an orc shaman a pony a yellow light 2 shriekers 6 gnome lords a gnomish wizard 3 elf zombies 3 giant ants 2 floating eyes 9 dwarves 3 hill orcs an iguana 2 hobbits 6 manes a hobgoblin 2 giant rats a brown mold 2 red molds 40 gnomes 3 geckos 2 jackals 3 foxes a kobold a sewer rat 6 grid bugs 3 lichens a kobold zombie 4 newts 120 creatures vanquished. Voluntary challenges: You went without food. You never hit with a wielded weapon. You read items or engraved 1 time. You put on armor 9 times. You never genocided any monsters. You never polymorphed an object. You never changed form. You used no wishes. You abstained from Elbereth's help. You never encountered a bones level. You never used any Sokoban shortcuts. Dungeon overview: The Dungeons of Doom: levels 1 to 4 Level 1 a long staircase Level 2 some fountains Level 3 an armor shop stairs to The Gnomish Mines The Gnomish Mines: levels 4 to 7 Level 4 stairs to The Dungeons of Doom Level 7 <- You were here a temple, a magic chest, some fountains History has recorded: On T:1 you entered the Dungeons of Doom to retrieve the Amulet of Yendor! On T:275 you reached level 2 of The Dungeons of Doom. On T:717 you advanced to experience level 2. On T:740 you advanced to experience level 3. On T:1111 you reached level 3 of The Dungeons of Doom. On T:1130 you advanced to experience level 4. On T:1404 you advanced to experience level 5. On T:1556 you reached level 4 of The Dungeons of Doom. On T:1683 you reached level 1 of The Gnomish Mines. On T:1711 you advanced to experience level 6. On T:2159 you reached level 2 of The Gnomish Mines. On T:2251 you advanced to experience level 7. On T:2576 you reached level 3 of The Gnomish Mines. On T:2640 you reached level 4 of The Gnomish Mines. On T:2731 you advanced to experience level 8. Latest messages: Nothing seems to happen. It hits! It kicks! [HP-17=61] Nothing seems to happen. It hits! It kicks! It summons insects! [HP-27=34] You can see again. The giant ant bites! The fire ant misses. (2x) The giant ant misses. (2x) The priestess of Ilmater swings her mace. The priestess of Ilmater hits! The priestess of Ilmater kicks! The priestess of Ilmater points at you, then curses. [HP-31=3] The giant ant bites! You die... Final status: Goodbye Arrhythmia the Convict... You died in The Gnomish Mines on dungeon level 7 with 4450 points, and 417 pieces of gold, after 3372 moves. You were level 8 with a maximum of 78 hit points when you died.